 Dungeon Crawl Stone Soup version 0.23.0 (webtiles) character file.

Game seed: 2777240390496540900

61126 Infinimo the Fencer (level 14, -2/118 HPs)
             Began as a Demonspawn Berserker on Feb 10, 2019.
             Was the Champion of Trog.
             Slain by a water elemental (12 damage)
             ... on level 2 of the Abyss on Feb 11, 2019.
             The game lasted 00:31:29 (22171 turns).

Infinimo the Fencer (Demonspawn Berserker)         Turns: 22171, Time: 00:31:30

Health: -2/118     AC: 25    Str: 22    XL:     14   Next: 59%
Magic:  0/14       EV:  8    Int:  9    God:    Trog [******]
Gold:   1402       SH:  3    Dex: 14    Spells: 13/13 levels left

rFire    . . .     SeeInvis .   d - +0 triple sword (elec)
rCold    . . .     Gourm    .   (shield currently unavailable)
rNeg     + + .     Faith    .   F - +1 plate armour
rPois    +         Spirit   +   (helmet restricted)
rElec    .         Reflect  +   y - +2 ratskin cloak {+Rats rPois rN+ Str-1 Int-1 Dex+1}
rCorr    .         Harm     .   C - +0 pair of gloves
MR       +....                  r - +0 pair of boots
Stlth    ..........             D - +3 amulet of reflection
HPRegen  0.29/turn              u - +2 ring of intelligence
MPRegen  0.14/turn              x - ring of positive energy

@: berserk cooldown, slowed, studying Maces & Flails, very slow
A: horns 2, icy blue scales 1, foul stench 1, magic shield, rot immunity
a: Berserk, Trog's Hand, Brothers in Arms, Renounce Religion, Evoke Ratskin


You were on level 2 of the Abyss.
You worshipped Trog.
Trog was exalted by your worship.
You were near starving.

You visited 2 branches of the dungeon, and saw 18 of its levels.
You visited the Abyss 1 time.

You collected 1475 gold pieces.
You spent 73 gold pieces at shops.

Inventory:

Hand Weapons
 a - a +4 scimitar of flaming
 d - a +0 triple sword of electrocution (weapon)
 j - a +2 antimagic triple sword
Armour
 r - a +0 pair of boots (worn)
 y - the +2 ratskin cloak (worn) {+Rats rPois rN+ Str-1 Int-1 Dex+1}
   (You found it on level 6 of the Dungeon)

   It affects your strength (-1).
   It affects your intelligence (-1).
   It affects your dexterity (+1).
   It protects you from poison.
   It protects you from negative energy.
 C - a +0 pair of gloves (worn)
 F - a +1 plate armour (worn)
 N - a +0 helmet
Jewellery
 u - a +2 ring of intelligence (left hand)
 x - a ring of positive energy (right hand)
 A - an uncursed ring of stealth {unknown}
 D - a +3 amulet of reflection (around neck)
 G - an uncursed ring of poison resistance {unknown}
 I - an uncursed ring of poison resistance {unknown}
 P - an uncursed ring of protection from magic {unknown}
Wands
 k - a wand of iceblast (20)
 H - a wand of disintegration (12)
Scrolls
 b - 2 scrolls of enchant armour
 f - 10 scrolls of identify
 h - 5 scrolls of remove curse
 o - a scroll of fear
 s - 6 scrolls of teleportation
 v - 3 scrolls of blinking
 J - a scroll of acquirement {unknown}
 L - a scroll of enchant weapon
Potions
 e - 5 potions of might
 g - 14 potions of curing
 i - 5 potions of cancellation
 l - 2 potions of agility
 m - a potion of resistance
 n - 4 potions of degeneration
 p - 4 potions of lignification
 q - 5 potions of haste
 t - a potion of magic
 w - 2 potions of mutation
 z - 4 potions of heal wounds
 B - 7 potions of flight {unknown}
 E - 2 potions of brilliance {unknown}
 M - a potion of invisibility {unknown}
 O - a potion of berserk rage {unknown}
Books
 K - a manual of Maces & Flails
Comestibles
 c - 31 rations


   Skills:
 + Level 13.2 Fighting
 * Level 16.3 Long Blades
 + Level 12.0 Armour
 - Level 1.7 Dodging


You had 13 spell levels left.
You didn't know any spells.
Your spell library was empty.

Dungeon Overview and Level Annotations

Branches:
Dungeon (12/15)            Temple (0/1) D:5            Lair (6/6) D:11
  Swamp (0/4) Lair:3        Snake (0/4) Lair:4        Slime (0/5) Lair:5
    Orc (0/2) D:11

Altars:
Elyvilon
Gozag
Kikubaaqudgha
Makhleb
Nemelex Xobeh
Ru
Trog
Xom
Yredelemnul
Zin
Jiyva

Shops:
D:4 (

Annotations:
Lair:5 Sonja
Lair:6 exclusion: 3 oklob plants


Innate Abilities, Weirdness & Mutations

You have a pair of horns on your head.
You are partially covered in icy blue scales. (AC +2)
You may emit foul miasma when damaged in melee.
When hurt, damage is shared between your health and your magic reserves.
You are immune to rotting.


Message History

The raiju shocks you!
* * * LOW HITPOINT WARNING * * *
The raiju looks sick.
You kill the raiju!
Trog accepts your kill.
You feel a strong urge to attack something.
You feel your anger nearly subside.
You are no longer berserk.
You are exhausted.
You feel yourself slow down. The water elemental hits you.
* * * LOW HITPOINT WARNING * * *
2 raiju come into view.
Your plate armour prevents you from hitting the water elemental.
The raiju barks! x2
You headbutt the water elemental.
The water elemental is almost destroyed.
The water elemental hits you!
* * * LOW HITPOINT WARNING * * *
The water elemental hits you!
You die...

# . . #... # . . ##
#..... #(.. ##.# .
... . . #.##...
...h..∩. . . .#.#
...h..... #.>
.##..........
.#####. #.......
...
......###.[.......
# #†.@E.......... .
#†#......... .
#...#...........#.
. ..#..........##.#
. #...........## .
.
............#..#...
.##..#......#.##.
#####......##. #.
...... # ..


You could see a water elemental and 2 raiju.

Vanquished Creatures
  Josephine (D:11)
  3 catoblepae (Lair:6)
  4 hydras
  4 two-headed ogres
  9 death yaks
  Erica (Lair:1)
  Urug (D:11)
  An unseen horror (D:10)
  2 oklob plants (Lair:6)
  An ugly thing (D:9)
  A cyclops (D:12)
  2 manticores (Lair:6)
  4 elephants
  An orange demon (Abyss:2)
  7 black mambas
  2 centaur skeletons
  A gargoyle (D:11)
  10 spiny frogs
  6 komodo dragons
  3 rime drakes
  A kobold demonologist (D:10)
  2 polar bears (Lair:5)
  11 blink frogs
  3 trolls
  3 hornets
  6 dream sheep (Lair:6)
  16 hippogriffs
  4 raiju (Abyss:2)
  65 yaks
  2 shadows
  5 wraiths (D:11)
  2 wyverns
  A fire elemental (Lair:3)
  A basilisk (D:11)
  3 hungry ghosts
  Grum (D:11)
  5 vampire mosquitoes
  2 nagas (Lair:4)
  12 water moccasins
  7 porcupines
  5 orc warriors
  3 sky beasts
  A black bear (D:10)
  5 ice beasts
  A necrophage (D:8)
  12 wolves
  7 ogres
  A phantom (D:7)
  4 boggarts (Lair:5)
  8 centaurs
  18 crocodiles
  11 big kobolds
  21 bullfrogs
  A gnoll sergeant (D:9)
  7 scorpions
  18 killer bees
  3 wights (D:10)
  2 howler monkeys
  6 crimson imps
  A lava snake (Lair:3)
  A quasit (D:11)
  4 orc priests
  6 hounds
  3 iron imps (D:5)
  5 jellies
  4 bullfrog skeletons
  Ijyb (D:4)
  2 iguanas
  16 worker ants
  14 orc wizards
  3 hell rats (D:6)
  A hound zombie (D:5)
  A hound skeleton (D:9)
  2 worker ant zombies
  A howler monkey skeleton (D:10)
  11 gnolls
  17 adders
  4 river rats (D:6)
  5 shadow imps
  8 oozes
  2 adder skeletons (D:5)
  8 leopard geckos
  66 orcs
  4 giant cockroaches
  6 goblins
  3 hobgoblins
  5 jackals
  3 quokkas
  2 ball pythons
  9 bats
  2 frilled lizards (D:1)
  2 jackal zombies
  44 kobolds
  9 kobold skeletons (D:10)
  9 kobold zombies (D:10)
  A leopard gecko skeleton (D:4)
  A quokka zombie (D:6)
  22 rats
  2 plants
660 creatures vanquished.

Vanquished Creatures (others)
  An orc (D:4)
  A jackal (D:6)
  A bush (Lair:4)
  10 fungi
  4 plants
17 creatures vanquished.

Grand Total: 677 creatures vanquished

Notes
Turn   | Place    | Note
-------+----------+-------------------------------------------
     0 | D:1      | Infinimo the Demonspawn Berserker began the quest for the
                  | Orb.
     0 | D:1      | Reached XP level 1. HP: 18/18 MP: 1/1
   188 | D:1      | Reached skill level 3 in Long Blades
   252 | D:1      | Gained mutation: You are partially covered in icy blue
                  | scales. (AC +2) [demonic ancestry]
   252 | D:1      | Reached XP level 2. HP: 24/24 MP: 2/2
  1032 | D:2      | Reached XP level 3. HP: 29/29 MP: 3/3
  1091 | D:2      | You fall through a shaft!
  1211 | D:3      | Found a faded altar of an unknown god.
  1216 | D:3      | Reached ** piety under Trog
  1508 | D:2      | Found a white marble altar of Elyvilon.
  1834 | D:2      | Reached XP level 4. HP: 31/35 MP: 4/4
  1994 | D:3      | Found a sparkling altar of Nemelex Xobeh.
  2414 | D:4      | Noticed Ijyb
  2425 | D:4      | Killed Ijyb
  2535 | D:4      | Reached skill level 4 in Long Blades
  2750 | D:4      | Gained mutation: You are immune to rotting. [demonic
                  | ancestry]
  2750 | D:4      | Reached XP level 5. HP: 42/42 MP: 5/5
  2812 | D:4      | Gained mutation: You have a pair of small horns on your
                  | head. [demonic ancestry]
  2812 | D:4      | Reached XP level 6. HP: 48/48 MP: 6/6
  2949 | D:4      | Found Gauc's Antique Weapon Emporium.
  2964 | D:4      | Reached skill level 5 in Long Blades
  2988 | D:4      | Bought a long sword for 73 gold pieces
  3640 | D:4      | Gained mutation: You may emit foul miasma when damaged in
                  | melee. [demonic ancestry]
  3640 | D:4      | Reached XP level 7. HP: 50/55 MP: 7/7
  3647 | D:4      | Reached *** piety under Trog
  4277 | D:5      | Entered Level 5 of the Dungeon
  4280 | D:5      | Reached skill level 5 in Fighting
  4327 | D:5      | Reached skill level 6 in Long Blades
  4451 | D:5      | Found a staircase to the Ecumenical Temple.
  4464 | D:5      | Reached XP level 8. HP: 63/63 MP: 8/8
  4621 | D:5      | Found a shimmering altar of Xom.
  4779 | D:5      | Found a glowing silver altar of Zin.
  4780 | D:5      | Found an opulent altar of Gozag.
  4838 | D:5      | Found a burning altar of Makhleb.
  5073 | D:5      | Found a shimmering altar of Xom.
  5085 | D:5      | Reached skill level 7 in Long Blades
  5402 | D:6      | Reached skill level 5 in Armour
  5529 | D:6      | Found a bloodstained altar of Trog.
  5576 | D:6      | Reached **** piety under Trog
  5836 | D:6      | Found the +2 ratskin cloak {+Rats rPois rN+ Str-1 Int-1
                  | Dex+1}
  6239 | D:7      | Reached skill level 8 in Long Blades
  6253 | D:7      | Gained mutation: You have a pair of horns on your head.
                  | [demonic ancestry]
  6253 | D:7      | Reached XP level 9. HP: 56/71 MP: 9/9
  6680 | D:7      | Found a bloodstained altar of Trog.
  6692 | D:7      | Reached skill level 9 in Long Blades
  7097 | D:8      | Noticed a two-headed ogre
  7099 | D:8      | Reached ***** piety under Trog
  7107 | D:8      | Killed a two-headed ogre
  7107 | D:8      | Reached skill level 10 in Long Blades
  7107 | D:8      | Gained mutation: When hurt, damage is shared between your
                  | health and your magic reserves. [demonic ancestry]
  7107 | D:8      | Reached XP level 10. HP: 80/80 MP: 10/10
  7759 | D:9      | Noticed a purple ugly thing
  7872 | D:9      | Killed a purple ugly thing
  8278 | D:9      | Noticed an orc knight
  8292 | D:9      | Received a gift from Trog
  8833 | D:9      | Found a sacrificial altar of Ru.
  9168 | D:10     | Entered Level 10 of the Dungeon
  9209 | D:10     | Reached skill level 11 in Long Blades
  9395 | D:10     | Noticed a two-headed ogre
  9409 | D:10     | Killed an unseen horror
  9415 | D:10     | Killed a two-headed ogre
  9415 | D:10     | Reached XP level 11. HP: 89/89 MP: 9/11
  9850 | D:10     | Received a gift from Trog
  9951 | D:10     | Found an ancient bone altar of Kikubaaqudgha.
 10391 | D:11     | Noticed Grum
 10408 | D:11     | Killed Grum
 10491 | D:11     | Found a staircase to the Lair.
 10506 | D:11     | Reached skill level 12 in Long Blades
 10583 | D:11     | Noticed Josephine
 10617 | D:11     | Killed Josephine
 10621 | D:11     | Reached skill level 10 in Fighting
 10639 | D:11     | Received a gift from Trog
 10748 | D:11     | Found a staircase to the Orcish Mines.
 11444 | D:11     | Noticed Urug
 11459 | D:11     | Killed Urug
 11529 | D:11     | Reached XP level 12. HP: 93/98 MP: 4/12
 11689 | D:11     | Received a gift from Trog
 11689 | D:11     | Noticed a two-headed ogre
 11704 | D:11     | Killed a two-headed ogre
 12004 | D:11     | Reached skill level 13 in Long Blades
 12150 | D:12     | Noticed a two-headed ogre
 12163 | D:12     | Killed a two-headed ogre
 12319 | D:12     | Reached ****** piety under Trog
 12649 | D:12     | Paralysed by fainting for 10 turns
 13364 | Lair:1   | Entered Level 1 of the Lair of Beasts
 13474 | Lair:1   | Reached skill level 10 in Armour
 13845 | Lair:1   | Noticed Erica
 13858 | Lair:1   | Killed Erica
 14408 | Lair:2   | Noticed a seven-headed hydra
 14415 | Lair:2   | Killed a four-headed hydra
 14478 | Lair:2   | Reached skill level 14 in Long Blades
 15033 | Lair:2   | Received a gift from Trog
 15033 | Lair:2   | Reached XP level 13. HP: 34/106 MP: 3/13
 15669 | Lair:3   | Found a staircase to the Swamp.
 16426 | Lair:4   | Found a staircase to the Snake Pit.
 17287 | Lair:4   | Found a basalt altar of Yredelemnul.
 17804 | Lair:5   | Found a runed translucent door.
 17804 | Lair:5   | Found a viscous altar of Jiyva.
 17805 | Lair:5   | Found a staircase to the Slime Pits.
 17873 | Lair:5   | Noticed Sonja
 17909 | Lair:5   | Reached skill level 15 in Long Blades
 17923 | Lair:5   | Received a gift from Trog
 18953 | Lair:6   | Entered Level 6 of the Lair of Beasts
 19566 | Lair:6   | Reached XP level 14. HP: 110/116 MP: 12/14
 19703 | Lair:6   | Received a gift from Trog
 20655 | Lair:6   | Reached skill level 16 in Long Blades
 22094 | Lair:5   | Cast into level 2 of the Abyss (Sonja)
 22155 | Abyss:2  | HP: 5/118 [raiju/living lightning (13)]
 22171 | Abyss:2  | Slain by a water elemental

Skill      XL: |  1  2  3  4  5  6  7  8  9 10 11 12 13 14 |
---------------+-------------------------------------------+-----
Long Blades    | 3 4 5 6 8 10 11 12 14 15 16 | 16.3
Armour         | 2 3 4 5 6 8 9 10 11 12 | 12.0
Fighting       | 4 5 6 8 9 10 11 12 13 | 13.2
Dodging        | |  1.7

Action                   |  1- 3 |  4- 6 |  7- 9 | 10-12 | 13-15 || total
-------------------------+-------+-------+-------+-------+-------++-------
Melee: Falchion          |   106 |    52 |       |       |       ||   158
       Unarmed           |       |     2 |       |       |       ||     2
       Long sword        |       |    30 |   272 |   180 |       ||   482
       Headbutt          |       |    16 |    75 |   229 |   127 ||   447
       Scimitar          |       |       |       |   302 |     6 ||   308
       Triple sword      |       |       |       |   372 |   497 ||   869
Invok: Berserk           |     2 |     5 |    14 |    25 |    10 ||    56
Evoke: Wand              |       |       |       |       |     1 ||     1
  Use: Scroll            |     4 |     1 |     3 |     9 |     6 ||    23
       Potion            |       |     1 |       |       |     2 ||     3
 Stab: Sleeping          |     3 |     2 |     1 |       |       ||     6
       Petrified         |       |       |       |       |     1 ||     1
  Eat: Chunk             |     5 |    10 |    20 |    49 |    22 ||   106
       Ration            |       |       |     1 |     2 |     3 ||     6
Armor: Animal skin       |    36 |    13 |    37 |       |       ||    86
       Scale mail        |       |       |    56 |    73 |       ||   129
       Plate armour      |       |       |       |   640 |   440 ||  1080
Dodge: Dodged            |    75 |    44 |   158 |   382 |   207 ||   866
Block: Other             |       |       |       |    89 |    67 ||   156
       Reflection        |       |       |       |     2 |     6 ||     8
       Rpst.: Falchion   |    27 |     6 |       |       |       ||    33
       Long sword        |       |     7 |    47 |    29 |       ||    83
       Scimitar          |       |       |       |    28 |     1 ||    29
       Triple sword      |       |       |       |    53 |    52 ||   105
